 Dungeon Crawl Stone Soup version 0.31-a0-271-gb88eb75e06 (webtiles) character file.

Game seed: 13015661817220956933

49 cforsyth the Ruffian (level 4, -3/38 HPs)
             Began as a Meteoran Shapeshifter on July 15, 2023.
             Was a Believer of Trog.
             Splashed by a jelly's acid (9 damage)
             ... on level 3 of the Dungeon.
             The game lasted 00:04:30 (1171 turns).

cforsyth the Ruffian (Meteoran Shapeshifter)        Turns: 1171, Time: 00:04:31

Health: -3/38      AC: -6    Str: 19    XL:     4   Next: 22%
Magic:  5/5        EV: 12    Int:  9    God:    Trog [**....]
Gold:   62         SH:  0    Dex: 14    Spells: 3/3 levels left

rFire   . .          .
                       - Unarmed
rCold   . . .        (no shield)
rNeg    . . .        a - +0 animal skin
rPois   .            (helmet currently unavailable)
rElec   .            (cloak currently unavailable)
rCorr   .            (gloves currently unavailable)
SInv    .            (boots currently unavailable)
Will    .....        (no amulet)
Stlth   +            (no ring)
HPRegen 0.26/turn    (no ring)
MPRegen 0.09/turn

%: no passive effects
@: beast-form, corroded, glowing
A: beast (slay +2), sense surroundings 1, otherworldly, glowing, explore regen
a: Begin Untransformation, Renounce Religion, Berserk, Trog's Hand


You were on level 3 of the Dungeon.
You worshipped Trog.
Trog was pleased with you.
You were a hulking beast.
You visited 1 branch of the dungeon, and saw 4 of its levels.

You collected 62 gold pieces.

Inventory:

Armour
 a - a +0 animal skin (worn)
Talismans
 c - a beast talisman
Scrolls
 f - a scroll of enchant armour {unknown}
 g - 2 scrolls of fog {unknown}
 i - 2 scrolls of vulnerability {unknown}
 j - 2 scrolls of revelation {unknown}
Potions
 b - 3 potions of lignification
 d - 2 potions of resistance {unknown}
 e - a potion of attraction {unknown}
 h - a potion of brilliance {unknown}


   Skills:
 + Level 3.4 Fighting
 - Level 2.4 Dodging
 + Level 3.8 Unarmed Combat
 - Level 3.6 Shapeshifting


You had 3 spell levels left.
You didn't know any spells.
Your spell library was empty.

Dungeon Overview and Level Annotations

Branches:
Dungeon (4/15) Zot: 1235
 Temple: D:4-7

Altars:
Trog

Shops:
D:2 :


Innate Abilities, Weirdness & Mutations

You are a hulking beast.
Your limbs bulge with bestial killing power. (Slay +2)
You passively map a small area around you.
You are easily found by Zot.
You glow in the dark.
You regain HP and MP as you explore.


Message History

* * * LOW HITPOINT WARNING * * *
The orc hits you with a +0 flail.
* * * LOW HITPOINT WARNING * * *
You completely miss the orc.
The orc is severely wounded.
The goblin hits you with a +0 dagger.
* * * LOW HITPOINT WARNING * * *
The orc barely misses you. The orc attacks as you move away!
The orc barely misses you.
You hit the orc.
You kill the orc!
Trog accepts your kill.
You completely miss the goblin. The goblin hits you but does no damage.
You barely miss the goblin. The goblin hits you with a +0 dagger.
* * * LOW HITPOINT WARNING * * *
You barely miss the goblin. The goblin hits you with a +0 dagger.
* * * LOW HITPOINT WARNING * * *
You hit the goblin.
The goblin is heavily wounded.
The goblin barely misses you.
You hit the goblin.
You kill the goblin!
Trog accepts your kill.
There is an open door here.
Found 16 gold pieces.
A jelly comes into view.
The jelly quivers.
You hit the jelly.
Your hands burn!
The jelly is lightly wounded.
The jelly hits you but does no damage.
You hit the jelly. The acid corrodes you!
Your hands burn!
The jelly is lightly wounded.
The jelly barely misses you.
You hit the jelly.
Your hands burn!
* * * LOW HITPOINT WARNING * * *
The jelly is moderately wounded.
The jelly hits you.
* * * LOW HITPOINT WARNING * * *
The acid corrodes you!
You are splashed with acid!
You die...

..........##...#######
, , ..........####.# ,
..........>..#.#
...#....#.##'#.# *
####...........#
####### *#...........#
......#
...........###......#
..............$.....#
.............hJ.....#
*##.................##
, *.................#
, ,.................#*
* .#....######....##
..... , ....# * ..##.
, , .#### .# ,, ** *


You could see a jelly.

Vanquished Creatures
  A dart slug (D:1)
  An orc (D:3)
  5 ball pythons
  5 endoplasms
  A giant cockroach (D:1)
  5 goblins
  6 hobgoblins
  A quokka (D:2)
  5 bats
  3 frilled lizards
  5 kobolds
  4 rats
42 creatures vanquished.

Notes
Turn   | Place    | Note
-------+----------+-------------------------------------------
     0 | D:1      | cforsyth the Meteoran Shapeshifter began the quest for the
                  | Orb.
     0 | D:1      | Reached XP level 1. HP: 17/17 MP: 2/2
   204 | D:1      | Reached XP level 2. HP: 21/25 MP: 3/3
   230 | D:1      | Found a faded altar of an unknown god.
   234 | D:1      | Prayed at the altar of an unknown god.
   234 | D:1      | Became a worshipper of Trog the Wrathful
   234 | D:1      | Reached * piety under Trog
   313 | D:1      | Reached XP level 3. HP: 24/30 MP: 4/4
   705 | D:2      | Reached ** piety under Trog
   766 | D:2      | Found Kelab's Vocational Training.
  1005 | D:3      | Reached XP level 4. HP: 31/38 MP: 5/5
  1171 | D:3      | Splashed by a jelly's acid

Illustrated notes

Levels and vault maps discovered:
D:1:      dpeg_arrival_signposts, layout_basic,
          hellmonk_ecumenical_altar_heavens_door
D:2:      layout_basic, nicolae_shop_vocational
D:3:      layout_basic
D:4:      layout_cave_pools, chequers_temple_overflow_statue_of_worship,
          minmay_temple_entry_purple_smoke, serial_shops, shop_fountains

Skill      XL: |  1  2  3 |
---------------+----------+-----
Unarmed Combat | 3 |  3.8
Fighting       | 3 |  3.4
Dodging        | |  2.4
Shapeshifting  | |  3.6

Action                     |  1- 3 |  4- 6 || total
---------------------------+-------+-------++-------
  Melee: Unarmed           |    97 |    25 ||   122
         Punch             |     1 |       ||     1
    Use: Potion            |     1 |       ||     1
 Armour: Animal skin       |    33 |     3 ||    36
  Dodge: Dodged            |    57 |    11 ||    68

Table legend: (Time is in decaauts)
 A = Elapsed time spent in this place.
 B = Non-inter-level travel time spent in this place.
 C = Inter-level travel time spent in this place.
 D = Time resting spent in this place.
 E = Time spent auto-exploring this place.
 F = Levels seen in this place.
 G = Mean time per level.
                   A        B        C        D        E       F      G
               +--------+--------+--------+--------+--------+-----+--------+
         Total |   1163 |   1163 |      0 |      0 |      4 |   4 |  290.8 |
       Dungeon |   1163 |   1163 |      0 |      0 |      4 |   4 |  290.8 |
               +--------+--------+--------+--------+--------+-----+--------+

Top non-repeatable levels by time:
     D:2: 535 daAuts
     D:1: 448 daAuts
     D:3: 161 daAuts
     D:4: 17 daAuts
